 Dungeon Crawl Stone Soup version 0.32-a0-932-g5467873 (webtiles) character file.

Game seed: 6226541053388444297

616003 Girthnturf the Phalangite (level 25, -2/209 (259) HPs)
             Began as a Demonspawn Artificer on Apr 14, 2024.
             Was the Champion of Jiyva.
             Killed from afar by an elemental wellspring (30 damage)
             ... with a torrent of water
             ... on level 7 of Cocytus.
             The game lasted 03:25:09 (49042 turns).

Girthnturf the Phalangite (Demonspawn Artificer)   Turns: 49042, Time: 03:25:09

HP:   -2/209 (259)  AC: 44    Str: 23 (29) XL:     25   Next: 23%
MP:   10/28         EV: 28    Int: 19 (20) God:    Jiyva [******]
Gold: 1585          SH: 13    Dex: 25      Spells: 31/31 levels left

rFire   + . .        h - +4 bardiche "Liv Wyruarphe" {protect, Will+ rCorr Dex+4}
rCold   + + .        (shield currently unavailable)
rNeg    . . .        S - +8 plate armour of the Baku {Str+2 Slay+3 Stlth+}
rPois   .            (no helmet)
rElec   +            b - scarf of Uthrenuf {rC+ rF+, rElec rCorr Int+2 Stlth+}
rCorr   +            H - +3 Mad Mage's Maulers {Infuse+∞ VampMP -Cast}
SInv    .            (boots unavailable)
Will    ++...        r - amulet of reflection
Stlth   +++          i - +6 ring of strength
HPRegen 2.14/turn    Y - ring "Cusk" {AC+4 Str+4}
MPRegen 1.01/turn

%: no spellcasting, reflection, clarity, wizardry (x1), infuse magic (10 MP)
@: studying 3 skills, heavily drained, unable to drink
A: hooves 3, demonic guardian 3, icemail 2, black mark, big brain 3,
condensation shield, bedeviling, aura of silence, claws 1, large bone plates 1,
clarity, cold resistance 1, robust 2, eyeballs 1, gelatinous body 2, translucent
skin 1, tendrils, MP-powered wands, sturdy frame 3, engulf
}: 4/15 runes: serpentine, barnacled, slimy, silver
a: Renounce Religion, Oozemancy, Slimify


You were on level 7 of Cocytus.
You worshipped Jiyva.
Jiyva was exalted by your worship.
You visited 13 branches of the dungeon, and saw 60 of its levels.

You collected 3031 gold pieces.
You spent 1446 gold pieces at shops.

Inventory:

Hand Weapons
 h - the +4 bardiche "Liv Wyruarphe" (weapon) {protect, Will+ rCorr Dex+4}
   (You acquired it on level 13 of the Dungeon)

   Dex+4:     It affects your dexterity (+4).
   Will+:     It increases your willpower.
   rCorr:     It protects you from acid and corrosion.
 x - a +0 demon whip
 Q - a +1 demon trident
 V - the +5 demon whip "Spellbinder" {antimagic, disrupt, Will+}
   (You found it on level 5 of the Pits of Slime)

   Will+:     It increases your willpower.
Missiles
 w - 7 throwing nets (quivered)
Armour
 b - the scarf of Uthrenuf (worn) {rC+ rF+, rElec rCorr Int+2 Stlth+}
   (You acquired it on level 13 of the Dungeon)

   Int+2:     It affects your intelligence (+2).
   rElec:     It insulates you from electricity.
   rCorr:     It protects you from acid and corrosion.
   Stlth+:    It makes you more stealthy.
 q - +4 gold dragon scales
 C - +0 fire dragon scales
 H - the +3 Mad Mage's Maulers (worn) {Infuse+∞ VampMP -Cast}
   (You found it on level 1 of the Shoals)

   Infuse+∞: It empowers its wearer's blows with all of their magic.
   VampMP:    Blows struck in melee replenish the wearer's magic.
   -Cast:     It prevents spellcasting.
 R - +0 storm dragon scales
 S - the +8 plate armour of the Baku (worn) {Str+2 Slay+3 Stlth+}
   (You found it on level 2 of the Snake Pit)

   Str+2:     It affects your strength (+2).
   Slay+3:    It affects your accuracy & damage with ranged weapons and melee
   (+3).
   Stlth+:    It makes you more stealthy.
 W - +0 fire dragon scales
 X - quicksilver dragon scales
Jewellery
 i - a +6 ring of strength (left hand)
 m - a +4 ring of slaying
 r - an amulet of reflection (around neck)
 M - a +6 ring of dexterity
 Y - the ring "Cusk" (right hand) {AC+4 Str+4}
   (You took it off an efreet on level 11 of the Dungeon)

   [ring of protection]

   AC+4:      It affects your AC (+4).
   Str+4:     It affects your strength (+4).
Wands
 f - a wand of roots (10)
 z - a wand of charming (14)
 E - a wand of digging (4)
 G - a wand of quicksilver (3)
Scrolls
 c - 3 scrolls of noise
 d - a scroll of immolation
 e - a scroll of enchant armour
 t - 10 scrolls of identify
 u - 4 scrolls of vulnerability
 y - 4 scrolls of teleportation
 A - 2 scrolls of fog
 F - a scroll of silence
 N - a scroll of enchant weapon
 T - 2 scrolls of fear
 U - a scroll of revelation
Potions
 j - 4 potions of cancellation
 k - 2 potions of lignification
 o - a potion of magic
 p - 2 potions of heal wounds
 s - 5 potions of invisibility
 v - 3 potions of might
 B - 5 potions of brilliance
 D - 5 potions of attraction
 I - 4 potions of resistance
 K - 7 potions of curing
 L - 4 potions of enlightenment
 O - 5 potions of haste
 P - 2 potions of berserk rage
Miscellaneous
 a - a condenser vane
 g - the horn of Geryon
 l - a phantom mirror
 n - a lightning rod (4/4)


   Skills:
 + Level 21.7 Fighting
 - Level 5.1 Short Blades
 - Level 8.4 Maces & Flails
 - Level 24.0 Polearms
 + Level 17.8 Armour
 + Level 21.5 Dodging
 - Level 1.0 Stealth
 - Level 3.6 Spellcasting
 * Level 12.6 Evocations


You had 31 spell levels left.
You didn't know any spells.
Your spell library contained the following spells:

 Spells                   Type           Power      Damage    Failure   Level
 Foxfire                  Conj/Fire      12%        2x1d4     14%         1
 Freeze                   Ice            12%        1d3       14%         1
 Kiss of Death            Conj/Necr      12%        2d6       14%         1
 Shock                    Conj/Air       12%        1d3       14%         1
 Sting                    Conj/Alch      12%        1d3       14%         1
 Cigotuvi's Dreadful Rot  Necr/Alch/Air  6%         N/A       21%         2
 Ensorcelled Hibernation  Hex/Ice        10%        N/A       21%         2
 Static Discharge         Conj/Air       6%         3-4/arc   21%         2
 Call Canine Familiar     Summ           3%         N/A       38%         3
 Confusing Touch          Hex            5%         N/A       38%         3
 Frozen Ramparts          Ice            6%         1d1       38%         3
 Hailstorm                Conj/Ice       3%         3d5       38%         3
 Maxwell's Portable Pile  Tloc           3%         2d(5-14)  38%         3
 Ozocubu's Armour         Ice            3%         N/A       38%         3
 Passwall                 Erth           3%         N/A       38%         3
 Sigil of Binding         Hex            5%         N/A       38%         3
 Swiftness                Air            3%         N/A       38%         3
 Vampiric Draining        Necr           3%         2d6       38%         3
 Airstrike                Air            1%         2d(1-17)  77%         4
 Anguish                  Hex/Necr       2%         N/A       77%         4
 Animate Dead             Necr           3%         N/A       77%         4
 Cause Fear               Hex            2%         N/A       77%         4
 Dimensional Bullseye     Hex/Tloc       2%         N/A       77%         4
 Fulminant Prism          Conj/Alch      1%         3d5       77%         4
 Ignite Poison            Fire/Alch      3%         N/A       77%         4
 Martyr's Knell           Necr/Summ      3%         N/A       77%         4
 Summon Blazeheart Golem  Fire/Summ      3%         N/A       77%         4
 Summon Lightning Spire   Summ/Air       3%         N/A       77%         4
 Vhi's Electric Charge    Tloc/Air       6%         N/A       77%         4
 Arcjolt                  Conj/Air       1%         1d11      97%         5
 Borgnjor's Vile Clutch   Necr/Erth      1%         N/A       97%         5
 Metabolic Englaciation   Hex/Ice        2%         N/A       97%         5
 Summon Forest            Summ/Tloc      1%         N/A       97%         5
 Summon Mana Viper        Hex/Summ       5%         N/A       97%         5
 Conjure Ball Lightning   Conj/Air       1%         3x3d6     100%        6
 Death Channel            Necr           1%         N/A       100%        6
 Plasma Beam              Fire/Air       1%         2x1d11    100%        6
 Sculpt Simulacrum        Ice/Alch       1%         N/A       100%        6
 Summon Cactus Giant      Summ           1%         N/A       100%        6
 Orb of Destruction       Conj           1%         9d5       100%        7
 Spellforged Servitor     Conj/Summ      1%         N/A       100%        7
 Borgnjor's Revivificati  Necr           1%         N/A       100%        8
 Discord                  Hex            2%         N/A       100%        8
 Disjunction              Tloc           1%         N/A       100%        8
 Maxwell's Capacitive Co  Air            1%         ∞         100%        8
 Summon Horrible Things   Summ           1%         N/A       100%        8


Dungeon Overview and Level Annotations

Branches:
Dungeon (15/15)            Temple (0/1) D:4            Lair (5/5) D:10
 Shoals (4/4) Lair:3        Snake (4/4) Lair:2        Slime (5/5) Lair:5
    Orc (2/2) D:9             Elf (3/3) Orc:2        Vaults (5/5) D:14
  Crypt (3/3) Vaults:2       Tomb (0/3) Crypt:3      Depths (4/4) D:15
   Hell (visited)             Dis (0/7) Hell            Geh (0/7) Hell
    Coc (7/7) Hell            Tar (0/7) Hell            Zot (2/5) Depths:4

Altars:
Ashenzari
Gozag
Okawaru
Qazlal
Ru
Sif Muna
Trog
Vehumet
Yredelemnul
Beogh
Jiyva
Lugonu

Shops:
D:2 *   D:5 (   D:7 =   D:8 (   D:12 *   Orc:2 =(*[   Elf:3 *   Snake:1 ?
Snake:3 :   Snake:4 [   Vaults:1 (   Vaults:3 *   Vaults:4 *   Depths:2 [
Depths:3 *

Portals:
Hell: Depths:1 Depths:2 Depths:3 Depths:4
Abyss: Depths:1 Depths:2 Depths:3
Pandemonium: Depths:1 Depths:2 Depths:4
Ziggurat: Depths:1
Trove: Vaults:4 (give +3 fire dragon scales)

Annotations:
D:5 2 transporters, 1 runed translucent door, 1lSu2w's ghost, amateur DgHu; Crazy Yiuf
Shoals:2 2 transporters, exclusion: orange crystal statue
Slime:5 Royal Jelly
Depths:1 exclusion: obsidian statue
Coc:7 Serpent of Hell


Innate Abilities, Weirdness & Mutations

You have hooves in place of feet.
A powerful demonic guardian rushes to your aid.
A meltable icy envelope protects you from harm. (AC +8)
Your melee attacks may debilitate your foes.
You have an absolutely massive brain. (Int +6, Wiz)
A meltable shield of frost defends you. (SH +4)
Your hexes are more powerful.
You are surrounded by an aura of silence.
You have sharp fingernails.
You are partially covered in large bone plates. (SH +4)
You possess an exceptional clarity of mind.
Your flesh is cold resistant. (rC+)
You are very robust. (+20% HP)
Your body has grown eyes which may confuse attackers. (Acc +3)
Your pliable body absorbs attacks. (AC +2, EV +2)
Your translucent skin slightly reduces your foes' accuracy. (Stealth+)
You are covered in slimy tendrils that may disarm your opponents.
You expend magic power (3 MP) to strengthen your wands.
Your movements are significantly less encumbered by armour. (ER -6)
Your melee attacks may engulf your foes in ooze.


Message History

Okay, then.
It's too cold; everything's frozen solid!
The water engulfing you falls away.
You gasp with relief as air once again reaches your lungs.
You enter the shallow water.
Moving in this stuff is going to be slow.
The water elemental disappears in a puff of smoke!
The Ice Fiend closely misses your azure jelly.
The Ice Fiend completely misses your azure jelly.
The water elemental barely misses your azure jelly.
Your azure jelly hits the elemental wellspring.
Your azure jelly freezes the elemental wellspring!!!
Your azure jelly hits the elemental wellspring.
Your azure jelly freezes the elemental wellspring!!
The elemental wellspring is destroyed!
The water elemental disappears in a puff of smoke! x2
You feel your intelligence returning.
You open the door. The Ice Fiend claws your azure jelly!!
Your azure jelly dies!
Your azure jelly dissolves into a puddle of slime!
The water elemental closely misses you.
The Serpent of Hell roars!
A dragon appears.
An elemental wellspring comes into view.
The Ice Fiend's magic is no longer disrupted.
The Ice Fiend calls on the powers of darkness!
The fire dragon convulses!
Your body is wracked with pain!
* * * LOW HITPOINT WARNING * * *
The golden dragon convulses!
A harpy simulacrum comes into view.
The golden dragon breathes cold at you.
The bolt of cold hits the water elemental!!!
The water elemental is destroyed!
The water elemental disappears in a puff of smoke!
The bolt of cold misses the Serpent of Hell.
The bolt of cold misses you.
A torrent of water rises up through the elemental wellspring!
The torrent of water hits you!!
You die...
Jiyva sends a jelly to digest your remains.

≈≈≈≈≈≈≈≈≈≈≈≈≈≈≈
≈≈≈≈≈≈≈≈≈≈≈≈≈≈≈≈≈≈≈
≈≈≈≈≈≈≈≈≈≈≈≈≈≈≈≈≈≈≈
≈≈≈~..~~~~~≈≈≈≈≈≈≈≈
≈.....~~~~...≈≈≈≈≈≈
≈...###E###...≈≈≈≈≈
. ##~~~~.##...≈≈≈≈
~^.#.~~~~1~#...≈≈≈≈
~..'~~~~DD○@...≈≈≈≈
...#~~D○§Z~#...≈≈≈~
##~..~.##.~~~~~~
###'### ~E~~≈≈≈
.... ~≈≈≈≈≈≈ ......
≈≈≈≈≈≈≈ ≈≈≈≈≈≈≈
≈≈Z≈.≈≈ ≈≈≈≈≈≈≈≈
≈≈≈≈.≈≈ ≈≈≈≈≈≈


You could see the Serpent of Hell, a golden dragon (summoned), an Ice Fiend, a
fire dragon (summoned), an elemental wellspring, a water elemental (summoned), a
harpy simulacrum (wandering) and a titan simulacrum.

Vanquished Creatures
  2 dread liches
  A juggernaut (Depths:2)
  Boris (thrice) (Depths:2 Depths:4 Vaults:4)
  4 caustic shrikes
  10 shard shrikes
  Geryon (Hell)
  8 golden dragons
  A profane servitor (Crypt:3)
  2 bone dragons
  An electric golem (Zot:1)
  Norris (Elf:2)
  6 Ice Fiends
  10 tentacled monstrosities
  The ghost of DANddo the Warrior, an adept DrSh of Wu Jian (Depths:2)
  2 liches
  2 deep elf blademasters
  2 walking earthen tomes (Depths:2)
  2 walking frostbound tomes (Depths:2)
  2 deep elf master archers (Elf:3)
  A walking crystal tome (Depths:2)
  10 titans
  11 sphinxes
  3 quicksilver dragons
  Murray (Hell)
  A kraken (Shoals:2)
  7 searing wretches (Hell)
  6 ancient champions
  A death cob (Zot:1)
  Polyphemus (Shoals:4)
  Gastronok (D:8)
  5 tengu reavers (Vaults:5)
  5 shadow dragons
  6 storm dragons
  7 fire giants
  2 draconian monks (Zot:1)
  Roxanne (Snake:4)
  2 nagarajas
  7 narguns
  2 draconian knights (Zot:1)
  A draconian shifter (Zot:1)
  11 deep elf sorcerers
  8 frost giants
  15 vault wardens
  2 draconian scorchers
  2 iron dragons
  6 shard shrike simulacra
  3 deep elf elementalists (Elf:3)
  A balrug (Hell)
  13 ironbound preservers
  A curse skull (Crypt:2)
  5 orc warlords
  4 reapers
  13 ghouls
  A cacodemon (Depths:1)
  3 draconian stormcallers (Zot:1)
  21 very ugly things
  14 stone giants
  2 vampire knights
  6 ironbound thunderhulks
  Nessos (Orc:2)
  2 green draconians (Zot:1)
  3 black draconians
  9 deep elf death magi
  7 wendigos
  6 yellow draconians
  4 deep elf demonologists
  6 white draconians
  6 dire elephants (Vaults:1)
  2 spark wasps
  18 elemental wellsprings
  6 deep elf annihilators
  9 red draconians
  2 lorocyprocas (Hell)
  3 purple draconians (Zot:1)
  6 war gargoyles
  7 eidola
  2 minotaurs (Shoals:4)
  3 green deaths (Depths:1)
  2 blizzard demons
  8 ettins
  2 crystal guardians
  2 entropy weavers
  4 fire dragons (Depths:4)
  2 jiangshi (Crypt:2)
  A mummy priest (Crypt:3)
  6 deep elf high priests
  A merfolk impaler (Shoals:3)
  6 yaktaur captains
  3 salamander tyrants
  5 ice dragons
  6 spriggan air magi
  31 vault guards
  A hell beast (Depths:4)
  4 hydras
  7 caustic shrike simulacra
  3 peacekeepers
  4 juggernaut simulacra
  6 rakshasas
  3 ogre magi
  10 ironbound frosthearts
  2 catoblepae
  A stoker (Hell)
  A boulder beetle (Lair:2)
  6 deep troll shamans
  4 two-headed ogres
  11 dancing weapons
  6 death knights
  2 merfolk aquamancers
  11 satyrs
  8 anacondas
  5 vampire magi
  2 tengu warriors
  4 alligator snapping turtles
  3 death yaks
  4 deep troll earth magi
  An orc high priest (Orc:2)
  4 centaur warriors
  13 naga warriors
  2 titan zombies
  Urug (Orc:2)
  3 occultists
  8 shock serpents
  14 naga sharpshooters
  6 spriggan berserkers
  2 storm dragon zombies (Crypt:3)
  Sonja (Lair:1)
  6 skysharks
  2 goliath frogs (Lair:5)
  3 soul eaters
  7 sun demons
  Amaemon (D:8)
  6 deep elf knights
  29 skeletal warriors
  2 anaconda zombies
  34 deep trolls
  2 quicksilver dragon simulacra
  16 hell knights
  2 shadow wraiths
  11 iron trolls
  A sea snake (shapeshifter) (Vaults:2)
  2 salamander mystics (Snake:3)
  5 sea snakes
  7 mana vipers
  4 naga ritualists
  An iron giant skeleton (Crypt:2)
  4 bunyip zombies
  6 lindwurms
  6 flayed ghosts
  A deep troll (shapeshifter) (Vaults:5)
  9 deep elf archers
  A shadow demon (Hell)
  5 arcanists
  4 thermic dynamos
  4 bog bodies
  7 harpies
  22 phantasmal warriors
  Pikel (D:6)
  A steelbarb worm (shapeshifter) (Elf:3)
  17 ironbound convokers
  21 orc knights
  A harpy (shapeshifter) (Vaults:4)
  A wolf spider zombie (D:15)
  11 necromancers
  2 shadow dragon zombies (Crypt:3)
  13 deep elf zephyrmancers
  A golden dragon skeleton (Depths:1)
  2 tengu zombies
  An anaconda skeleton (Hell)
  An alligator zombie (Hell)
  5 spriggan simulacra
  18 deep elf pyromancers
  6 orc sorcerers
  10 cyclopes
  17 fauns
  2 tengu skeletons (Depths:1)
  23 ugly things
  5 manticores
  2 kobold blastminers (Orc:1)
  A goliath frog skeleton (Crypt:2)
  9 salamanders
  A meliai (shapeshifter) (Elf:2)
  4 centaur zombies
  A meliai (Shoals:1)
  4 merfolk sirens
  A fire giant skeleton (Depths:1)
  2 dire elephant zombies (Crypt:3)
  10 elephants
  18 vault sentinels
  5 water nymphs
  3 titan simulacra
  2 ice statues (Hell)
  A rust devil (Hell)
  39 black mambas
  3 moths of wrath
  An alligator skeleton (Hell)
  18 cane toads
  7 guardian serpents (Snake:4)
  An orange demon (D:8)
  A storm dragon simulacrum (Depths:1)
  4 large abominations (Elf:3)
  13 naga magi
  2 hellions
  An eye of devastation (shapeshifter) (Vaults:4)
  3 gargoyles
  2 torpor snails (Lair:3)
  An unseen horror zombie (Crypt:2)
  An efreet (D:11)
  An unseen horror (shapeshifter) (D:11)
  2 unseen horrors
  A death yak zombie (Crypt:1)
  2 rime drakes
  2 iron giant simulacra
  15 freezing wraiths
  A kobold demonologist (D:11)
  24 yaktaurs
  5 tormentors
  A sea snake zombie (Hell)
  Psyche (D:8)
  A hydra zombie (Hell)
  9 komodo dragons
  2 anaconda simulacra
  6 tengu conjurers
  2 hellwings (Depths:1)
  An ice devil (Coc:2)
  11 trolls
  2 polar bears
  14 merfolk
  2 hornets (Depths:3)
  A hydra skeleton (Hell)
  A merfolk (shapeshifter) (Vaults:5)
  2 harpy zombies (Crypt:3)
  2 jumping spiders (Vaults:1)
  5 snapping turtles
  A wind drake (Shoals:4)
  Prince Ribbit (D:6)
  5 dream sheep
  A hornet (shapeshifter) (D:15)
  3 spriggan zombies
  A glass eye (shapeshifter) (Vaults:5)
  18 blink frogs
  A fire giant simulacrum (Depths:1)
  2 iron dragon simulacra
  5 stone giant simulacra
  A shadow (Crypt:3)
  Sigmund (D:3)
  2 spriggans (Depths:3)
  A slime creature (shapeshifter) (Vaults:4)
  3 dire elephant simulacra
  2 air elementals (Elf:3)
  12 water elementals
  13 wraiths
  A centaur simulacrum (Coc:2)
  A ynoxinul (Depths:1)
  2 vampires
  2 ushabtiu (Crypt:3)
  2 humans (D:14)
  5 fire elementals
  2 wyverns
  28 yaks
  9 vampire mosquitoes
  5 basilisks
  A warg (D:15)
  Eustachio (D:6)
  An alligator snapping turtle simulacrum (Coc:3)
  3 redbacks
  A catoblepas simulacrum (Coc:1)
  2 steam dragons
  16 harpy simulacra
  A minotaur simulacrum (Coc:2)
  45 nagas
  A redback simulacrum (D:15)
  3 swamp worms (Lair:4)
  6 hydra simulacra
  Edmund (D:6)
  2 acid dragons
  A human zombie (Depths:1)
  2 hell hounds (Hell)
  10 water moccasins
  4 naga zombies (Crypt:3)
  A cane toad zombie (Crypt:1)
  17 orc warriors
  A swamp drake (Lair:5)
  2 ice beasts (Coc:2)
  An ice dragon simulacrum (Coc:2)
  8 laughing skulls
  A black bear (D:5)
  2 ettin simulacra
  2 boggarts (Depths:4)
  6 ogres
  7 centaurs
  4 lemures (D:6)
  3 kobold brigands
  A vine stalker zombie (Crypt:2)
  14 bullfrogs
  3 elf zombies (Elf:3)
  An earth elemental (Elf:2)
  2 gnoll sergeants
  2 glowing shapeshifter simulacra
  4 scorpions
  22 wights
  7 wyvern skeletons (Crypt:3)
  5 killer bees
  3 howler monkeys (D:12)
  A jelly (Vaults:2)
  A gnoll bouda (D:6)
  18 orc priests
  6 hounds
  A bullfrog skeleton (Crypt:1)
  2 sleepcaps
  5 iguanas
  10 hell rats
  14 orc wizards
  Natasha (thrice) (D:3)
  Ijyb (D:3)
  A boggart skeleton (D:15)
  A deep dwarf skeleton (Crypt:2)
  A mummy (Crypt:3)
  5 adders
  8 gnolls
  A shadow imp (D:7)
  A white imp (D:6)
  An iguana zombie (Crypt:1)
  An adder skeleton (Crypt:1)
  2 dart slugs
  A ribbon worm (D:2)
  36 orcs
  2 bats (D:2)
  A bat zombie (Crypt:1)
  3 endoplasms
  3 giant cockroaches
  4 goblins
  5 hobgoblins
  4 quokkas
  4 ball pythons
  5 frilled lizards
  13 kobolds
  4 rats
  A creeping inferno (Hell)
  2 fire vortices (Hell)
  3 tentacles (Shoals:2)
1788 creatures vanquished.

Vanquished Creatures (collateral kills)
  A caustic shrike (Depths:4)
  An Ice Fiend (Coc:6)
  A walking earthen tome (Depths:2)
  A titan (Coc:7)
  The ghost of Vyimam the Brawler, an adept TrGl of Hepliaklqana (Depths:4)
  2 nagarajas (Snake:4)
  A storm dragon (Vaults:5)
  A fire giant (Vaults:4)
  2 vault wardens
  A very ugly thing (Depths:3)
  An ironbound preserver (Vaults:5)
  An elemental wellspring (Coc:7)
  A lorocyproca (Hell)
  An eidolon (Crypt:1)
  A merfolk javelineer (Shoals:4)
  A blizzard demon (Hell)
  2 vault guards (Vaults:4)
  A juggernaut simulacrum (Coc:2)
  A caustic shrike simulacrum (Coc:5)
  A satyr (Shoals:4)
  A sphinx skeleton (Crypt:2)
  2 death knights
  A two-headed ogre (D:10)
  A boulder beetle (D:11)
  2 shadow wraiths
  A sea snake (Shoals:1)
  A deep elf archer (Elf:2)
  2 deep trolls (Vaults:1)
  2 mana vipers
  A naga ritualist (Snake:2)
  3 orc knights
  2 phantasmal warriors (Crypt:1)
  3 harpies (Shoals:4)
  A vault sentinel (Vaults:5)
  An elephant (Lair:3)
  A guardian serpent (Snake:1)
  A smoke demon (Depths:1)
  4 naga magi
  A hellion (Coc:5)
  A freezing wraith (Crypt:1)
  2 cane toads (Lair:3)
  2 tormentors
  3 yaktaurs
  A troll (shapeshifter) (D:11)
  2 merfolk (Shoals:3)
  2 blink frogs
  A yak (Lair:5)
  A basilisk (D:10)
  A swamp worm (Lair:4)
  A harpy simulacrum (Coc:4)
  2 nagas
  A hell hound (Hell)
  A black bear (shapeshifter) (Vaults:5)
  2 orc wizards (Orc:2)
  5 gnolls (D:6)
82 creatures vanquished.

Vanquished Creatures (others)
  2 acid blobs
  An eldritch tentacle (Depths:4)
  A nargun (Coc:1)
  3 azure jellies
  A fire giant (Depths:3)
  2 shard shrike simulacra
  A formless jellyfish (Vaults:1)
  A reaper (Hell)
  A vampire knight (Depths:4)
  An elemental wellspring (Coc:6)
  8 great orbs of eyes
  A hydra (D:11)
  A death knight (D:13)
  A juggernaut simulacrum (Coc:4)
  An ironbound frostheart (Vaults:1)
  A boulder beetle (Vaults:2)
  3 glowing orange brains
  3 deep trolls
  A swamp dragon (Lair:4)
  2 spriggan simulacra
  A faun (Shoals:4)
  A deep elf pyromancer (D:14)
  An orc knight (Vaults:3)
  4 ironbound convokers
  A manticore (D:11)
  A deep elf zephyrmancer (Elf:1)
  A titan simulacrum (Coc:1)
  A vault sentinel (Vaults:4)
  2 black mambas
  A naga mage (Snake:3)
  A rime drake (Lair:3)
  A kobold demonologist (D:12)
  A bunyip simulacrum (Coc:1)
  A yaktaur (Vaults:4)
  A troll (D:13)
  A tengu conjurer (Depths:2)
  A glass eye (Depths:2)
  A wind drake (Shoals:1)
  A shadow dragon simulacrum (Coc:1)
  An air elemental (Elf:3)
  A golden eye (shapeshifter) (D:11)
  24 slime creatures
  2 vampires (Vaults:2)
  A basilisk (D:11)
  A dire elephant simulacrum (Coc:5)
  A redback (Vaults:4)
  A neqoxec (Depths:1)
  An alligator snapping turtle simulacrum (Coc:2)
  5 harpy simulacra
  A naga (Snake:4)
  An ettin simulacrum (Coc:4)
  A laughing skull (D:14)
  2 centaurs
  A scorpion (D:6)
  A wyvern skeleton (Crypt:3)
  A wight (Crypt:3)
  334 jellies
  5 killer bees
  A shapeshifter skeleton (Crypt:1)
  A howler monkey (D:5)
  An electric eel (Elf:3)
  A bombardier beetle (D:4)
  A centaur skeleton (Crypt:1)
  A gnoll bouda (D:6)
  11 orc wizards
  2 gnolls (D:6)
  2 ufetubi (D:6)
  12 orcs
  An endoplasm (D:3)
  A goblin (D:4)
  4 kobolds
  5 tentacles (Shoals:2)
488 creatures vanquished.

Grand Total: 2358 creatures vanquished

Notes
Turn   | Place    | Note
-------+----------+-------------------------------------------
     0 | D:1      | Girthnturf the Demonspawn Artificer began the quest for the
                  | Orb.
     0 | D:1      | Reached XP level 1. HP: 15/15 MP: 1/1
   116 | D:1      | Reached skill level 1 in Dodging
   116 | D:1      | Reached skill level 1 in Stealth
   290 | D:1      | Gained mutation: A meltable shield of frost defends you.
                  | (SH +4) [demonic ancestry]
   290 | D:1      | Reached XP level 2. HP: 10/21 MP: 2/2
   615 | D:1      | Reached skill level 1 in Maces & Flails
   621 | D:1      | HP: 1/21 [poisoned by a kobold]
  1199 | D:2      | Found a faded altar of an unknown god.
  1283 | D:2      | Reached XP level 3. HP: 13/26 MP: 3/3
  1313 | D:2      | Prayed at the altar of an unknown god.
  1313 | D:2      | Became a worshipper of Jiyva Junonih the Shapeless
  1313 | D:2      | Reached * piety under Jiyva
  1479 | D:2      | Reached skill level 1 in Short Blades
  1486 | D:2      | Found Orosch's Assorted Antiques.
  1806 | D:3      | Reached ** piety under Jiyva
  1842 | D:3      | Noticed Sigmund
  1844 | D:3      | Killed Sigmund
  1845 | D:3      | Gained mutation: A weak demonic guardian rushes to your
                  | aid. [demonic ancestry]
  1845 | D:3      | Reached XP level 4. HP: 34/34 MP: 4/4
  1845 | D:3      | Gained mutation: A demonic guardian rushes to your aid.
                  | [demonic ancestry]
  1845 | D:3      | Reached XP level 5. HP: 39/39 MP: 5/5
  1845 | D:3      | Noticed Natasha
  1863 | D:3      | Killed Natasha
  1918 | D:3      | Noticed Ijyb
  1936 | D:3      | Noticed Natasha
  2015 | D:3      | Killed Natasha
  2016 | D:3      | Gained mutation: A meltable icy envelope protects you from
                  | harm. (AC +8) [demonic ancestry]
  2016 | D:3      | Reached XP level 6. HP: 46/46 MP: 6/6
  2023 | D:3      | Killed Ijyb
  2228 | D:3      | Noticed Natasha
  2230 | D:3      | Killed Natasha
  2648 | D:4      | Found a staircase to the Ecumenical Temple.
  2741 | D:4      | Found the +1 Delatra's gloves {ID++}
  2741 | D:4      | Noticed an orc warrior
  2756 | D:4      | Killed an orc warrior
  2812 | D:4      | Reached *** piety under Jiyva
  2862 | D:4      | Gained mutation: Your spells are a little harder to cast,
                  | but a little more powerful. [Jiyva's grace]
  2862 | D:4      | Gained mutation: Your spells are harder to cast, but more
                  | powerful. [Jiyva's grace]
  2862 | D:4      | Gained mutation: Your spells are much harder to cast, but
                  | much more powerful. [Jiyva's grace]
  2862 | D:4      | Gained mutation: Your mind is acute. (Int +4, Str/Dex -1)
                  | [Jiyva's grace]
  3019 | D:4      | Gained mutation: You have large cloven feet. [demonic
                  | ancestry]
  3019 | D:4      | Reached XP level 7. HP: 52/52 MP: 7/7
  3192 | D:4      | You fall into a shaft and drop 3 floors!
  3202 | D:7      | Reached **** piety under Jiyva
  3652 | D:6      | Lost mutation: Your spells are much harder to cast, but
                  | much more powerful. [potion of mutation]
  3652 | D:6      | Lost mutation: Your mind is acute. (Int +4, Str/Dex -1)
                  | [potion of mutation]
  3652 | D:6      | Lost mutation: Your spells are harder to cast, but more
                  | powerful. [potion of mutation]
  3652 | D:6      | Gained mutation: You are weak. (Str -2) [potion of
                  | mutation]
  3653 | D:6      | Lost mutation: Your spells are a little harder to cast, but
                  | a little more powerful. [potion of mutation]
  3653 | D:6      | Lost mutation: You are weak. (Str -2) [potion of mutation]
  3653 | D:6      | Gained mutation: Your mind is acute. (Int +4, Str/Dex -1)
                  | [potion of mutation]
  3653 | D:6      | Gained mutation: You have sharp fingernails. [potion of
                  | mutation]
  3726 | D:6      | Noticed Eustachio
  3726 | D:6      | Noticed Edmund
  3729 | D:6      | Killed Eustachio
  3730 | D:6      | Reached XP level 8. HP: 60/60 MP: 8/8
  3732 | D:6      | Killed Edmund
  3733 | D:6      | Reached skill level 5 in Short Blades
  3791 | D:6      | Noticed Pikel
  3796 | D:6      | Killed Pikel
  3797 | D:6      | Reached skill level 2 in Polearms
  3807 | D:6      | Reached skill level 5 in Fighting
  3807 | D:6      | Reached skill level 3 in Polearms
  3892 | D:5      | Entered Level 5 of the Dungeon
  3908 | D:5      | Reached skill level 5 in Armour
  3966 | D:5      | Reached XP level 9. HP: 68/68 MP: 9/9
  3996 | D:5      | Reached ***** piety under Jiyva
  4003 | D:5      | Found a transporter.
  4273 | D:5      | Found Ofaome's Weapon Boutique.
  4384 | D:5      | Lost mutation: Your mind is acute. (Int +4, Str/Dex -1)
                  | [Jiyva's grace]
  4384 | D:5      | Gained mutation: You have very sharp fingernails. [Jiyva's
                  | grace]
  4384 | D:5      | Gained mutation: You have claws for hands. [Jiyva's grace]
  4384 | D:5      | Gained mutation: You have a pair of small horns on your
                  | head. [Jiyva's grace]
  4384 | D:5      | Gained mutation: You have a pair of horns on your head.
                  | [Jiyva's grace]
  4404 | D:5      | Found a runed translucent door.
  4405 | D:5      | Noticed Crazy Yiuf
  4521 | D:5      | Found a transporter.
  4521 | D:5      | Noticed 1lSu2w's ghost (amateur DgHu)
  4696 | D:6      | Reached skill level 4 in Polearms
  4696 | D:6      | Reached skill level 5 in Dodging
  5032 | D:6      | Noticed Prince Ribbit
  5041 | D:6      | Killed Prince Ribbit
  5645 | D:7      | Found a shimmering blue altar of Sif Muna.
  5647 | D:7      | Found a bloodstained altar of Trog.
  5746 | D:7      | Reached skill level 5 in Polearms
  5794 | D:7      | Found Uvaizxan's Jewellery Shoppe.
  6058 | D:8      | Found a sacrificial altar of Ru.
  6333 | D:8      | Found Fethuwit's Antique Weapon Shop.
  6422 | D:8      | Noticed an orange demon
  6423 | D:8      | Noticed Amaemon
  6437 | D:8      | Killed an orange demon
  6445 | D:8      | Killed Amaemon
  6446 | D:8      | Reached skill level 6 in Polearms
  6446 | D:8      | Reached skill level 5 in Evocations
  6446 | D:8      | Gained mutation: You have an unusually large brain. (Int
                  | +2) [demonic ancestry]
  6446 | D:8      | Reached XP level 10. HP: 77/77 MP: 10/10
  6501 | D:8      | Noticed Gastronok
  6581 | D:8      | Killed Gastronok
  6612 | D:8      | Noticed Psyche
  6619 | D:8      | Killed Psyche
  6620 | D:8      | Reached skill level 7 in Polearms
  6772 | D:9      | Identified the +0 pair of boots "Miliutas" {*Corrode rN+
                  | Will+}
  7001 | D:9      | Found a staircase to the Orcish Mines.
  7020 | D:9      | Reached skill level 8 in Polearms
  7026 | D:9      | Found a roughly hewn altar of Beogh.
  7314 | D:9      | Noticed a seven-headed hydra
  7552 | D:10     | Entered Level 10 of the Dungeon
  7589 | D:10     | Found a broken altar of Ashenzari.
  7667 | D:10     | Found a stormy altar of Qazlal.
  7728 | D:10     | Reached skill level 9 in Polearms
  7915 | D:10     | Reached XP level 11. HP: 84/84 MP: 11/11
  7928 | D:10     | Gained mutation: Your flesh is cold resistant. (rC+)
                  | [Jiyva's grace]
  7928 | D:10     | Gained mutation: Your flesh is very cold resistant. (rC++)
                  | [Jiyva's grace]
  7928 | D:10     | Gained mutation: Your flesh is almost immune to the effects
                  | of cold. (rC+++) [Jiyva's grace]
  7928 | D:10     | Gained mutation: You are agile. (Dex +4, Str/Int -1)
                  | [Jiyva's grace]
  8127 | D:10     | Noticed a two-headed ogre
  8131 | D:10     | Killed a two-headed ogre
  8132 | D:10     | Reached skill level 10 in Polearms
  8181 | D:10     | Found a staircase to the Lair.
  8517 | Lair:1   | Entered Level 1 of the Lair of Beasts
  8550 | Lair:1   | Reached ****** piety under Jiyva
  8800 | Lair:1   | Noticed Sonja
  8834 | Lair:2   | Found a staircase to the Snake Pit.
  8897 | Lair:2   | Reached skill level 11 in Polearms
  9608 | Lair:3   | Identified the +2 robe "Asyte Impiph" {rF+}
  9708 | Lair:3   | Reached skill level 12 in Polearms
  9820 | Lair:3   | Gained mutation: You have an extremely huge brain. (Int +4)
                  | [demonic ancestry]
  9820 | Lair:3   | Reached XP level 12. HP: 59/93 MP: 12/12
  9972 | Lair:3   | Noticed a death yak
 10139 | Lair:3   | Noticed a boulder beetle
 10254 | Lair:2   | Killed a boulder beetle
 10297 | Lair:3   | Lost mutation: You have claws for hands. [Jiyva's grace]
 10297 | Lair:3   | Lost mutation: You have a pair of horns on your head.
                  | [Jiyva's grace]
 10297 | Lair:3   | Lost mutation: Your flesh is almost immune to the effects
                  | of cold. (rC+++) [Jiyva's grace]
 10297 | Lair:3   | Gained mutation: Your mind is acute. (Int +4, Str/Dex -1)
                  | [Jiyva's grace]
 10297 | Lair:3   | Gained mutation: Your mind is very acute. (Int +8, Str/Dex
                  | -2) [Jiyva's grace]
 10297 | Lair:3   | Gained mutation: Your spells are a little harder to cast,
                  | but a little more powerful. [Jiyva's grace]
 10297 | Lair:3   | Gained mutation: Your spells are harder to cast, but more
                  | powerful. [Jiyva's grace]
 10461 | Lair:3   | Found a staircase to the Shoals.
 10656 | Lair:4   | Noticed a catoblepas
 10689 | Lair:4   | Killed a catoblepas
 10705 | Lair:4   | Reached skill level 10 in Fighting
 11019 | Lair:4   | Identified the +2 pair of boots "Eser" {rC- Str+6 Slay+2
                  | SInv}
 11234 | Lair:4   | Reached skill level 10 in Dodging
 11436 | Lair:5   | Entered Level 5 of the Lair of Beasts
 11436 | Lair:5   | Noticed a seven-headed hydra
 11438 | Lair:5   | Slimified a seven-headed hydra
 11438 | Lair:5   | a seven-headed hydra changed into a slime creature
 11441 | Lair:5   | Noticed a seven-headed hydra
 11458 | Lair:4   | Killed a seven-headed hydra
 11545 | Lair:5   | Gained mutation: You have an absolutely massive brain. (Int
                  | +6, Wiz) [demonic ancestry]
 11545 | Lair:5   | Reached XP level 13. HP: 106/106 MP: 13/13
 11833 | Lair:5   | Reached skill level 1 in Spellcasting
 12302 | Lair:5   | Got an earthy gem with 61 turns to spare
 12353 | Lair:5   | Found a viscous altar of Jiyva.
 12353 | Lair:5   | Found a staircase to the Slime Pits.
 12359 | Slime:1  | Entered Level 1 of the Pits of Slime
 12383 | Slime:1  | Noticed a quicksilver ooze
 12388 | Slime:1  | Noticed a quicksilver ooze
 12404 | Slime:1  | Noticed a quicksilver ooze
 12421 | Slime:1  | Noticed a quicksilver ooze
 12441 | Slime:1  | Noticed an acid blob
 12481 | Slime:1  | Noticed a quicksilver ooze
 12537 | Slime:2  | Noticed an acid blob
 12546 | Slime:2  | Noticed a rockslime
 12602 | Slime:3  | Noticed an acid blob
 12639 | Slime:3  | Noticed an azure jelly
 12747 | Slime:4  | Noticed a quicksilver ooze
 12781 | Slime:4  | Noticed a rockslime
 12782 | Slime:4  | Noticed an acid blob
 12784 | Slime:4  | Noticed a formless jellyfish
 12790 | Slime:4  | Noticed a quicksilver ooze
 12799 | Slime:4  | Noticed an azure jelly
 12800 | Slime:4  | Noticed an acid blob
 12805 | Slime:4  | Noticed an acid blob
 12825 | Slime:4  | Noticed a quicksilver ooze
 12874 | Slime:4  | Noticed an acid blob
 12907 | Slime:4  | Noticed an acid blob
 12923 | Slime:4  | Noticed an acid blob
 12958 | Slime:4  | Noticed an azure jelly
 13019 | Slime:5  | Entered Level 5 of the Pits of Slime
 13019 | Slime:5  | Noticed a formless jellyfish
 13019 | Slime:5  | Noticed a formless jellyfish
 13045 | Slime:5  | Noticed an acid blob
 13073 | Slime:5  | Noticed a rockslime
 13074 | Slime:5  | Noticed a rockslime
 13074 | Slime:5  | Noticed a quicksilver ooze
 13094 | Slime:5  | Noticed a rockslime
 13094 | Slime:5  | Noticed a quicksilver ooze
 13099 | Slime:5  | Noticed an acid blob
 13101 | Slime:5  | Noticed an acid blob
 13110 | Slime:5  | Noticed an acid blob
 13110 | Slime:5  | Noticed a quicksilver ooze
 13112 | Slime:5  | Noticed an azure jelly
 13113 | Slime:5  | Noticed an acid blob
 13119 | Slime:5  | Noticed an acid blob
 13120 | Slime:5  | Noticed a rockslime
 13121 | Slime:5  | Noticed a quicksilver ooze
 13124 | Slime:5  | Noticed an acid blob
 13126 | Slime:5  | Noticed an acid blob
 13132 | Slime:5  | Noticed the Royal Jelly
 13136 | Slime:5  | Found a viscous altar of Jiyva.
 13141 | Slime:5  | Noticed an acid blob
 13145 | Slime:5  | Found the +5 demon whip "Spellbinder" {antimagic, disrupt,
                  | Will+}
 13147 | Slime:5  | Identified the +0 robe "Mapeph" {+Blink rPois}
 13150 | Slime:5  | Identified the +1 chain mail of Neateyk {rN+}
 13159 | Slime:5  | Identified the +1 robe of the Old and Reckless {Regen+}
 13163 | Slime:5  | Got a slimy rune of Zot
 13167 | Slime:5  | Identified the +6 scale mail "Guigitwo" {rF- rC+ rN+
                  | Regen+}
 13172 | Slime:5  | Identified the staff "Rykiujoo" {rPois rN+ Dex+3 Necro}
 13175 | Slime:5  | Identified the amulet of Sloth {Faith rF+ Will- Int+2}
 13215 | Slime:5  | Noticed a rockslime
 13225 | Slime:5  | Noticed a rockslime
 13244 | Slime:5  | Noticed a rockslime
 13270 | Slime:5  | Noticed an acid blob
 13285 | Slime:5  | Noticed a rockslime
 13357 | Slime:4  | Noticed an acid blob
 13399 | Slime:3  | Noticed an azure jelly
 13399 | Slime:3  | Noticed an azure jelly
 13610 | Slime:2  | Noticed a quicksilver ooze
 13681 | Slime:1  | Noticed an acid blob
 13681 | Slime:1  | Noticed an acid blob
 13710 | Slime:1  | Noticed an azure jelly
 14123 | D:11     | a manticore changed into an acid blob
 14123 | D:11     | Noticed an acid blob
 14129 | D:11     | Killed an acid blob
 14150 | D:11     | Reached skill level 5 in Maces & Flails
 14158 | D:11     | Identified the ring "Cusk" {AC+4 Str+4}
 14514 | D:11     | Gained mutation: You have hoof-like feet. [demonic
                  | ancestry]
 14514 | D:11     | Reached XP level 14. HP: 98/115 MP: 19/19
 14608 | D:11     | Lost mutation: You have very sharp fingernails. [Jiyva's
                  | grace]
 14608 | D:11     | Lost mutation: You are agile. (Dex +4, Str/Int -1) [Jiyva's
                  | grace]
 14608 | D:11     | Lost mutation: Your mind is very acute. (Int +8, Str/Dex
                  | -2) [Jiyva's grace]
 14608 | D:11     | Lost mutation: Your mind is acute. (Int +4, Str/Dex -1)
                  | [Jiyva's grace]
 14608 | D:11     | Lost mutation: Your flesh is very cold resistant. (rC++)
                  | [Jiyva's grace]
 14608 | D:11     | Lost mutation: Your spells are harder to cast, but more
                  | powerful. [Jiyva's grace]
 14608 | D:11     | Gained mutation: Your rubbery body absorbs attacks. (AC +1,
                  | EV +1) [Jiyva's grace]
 14608 | D:11     | Gained mutation: Your pliable body absorbs attacks. (AC +2,
                  | EV +2) [Jiyva's grace]
 14608 | D:11     | Gained mutation: Your gelatinous body deflects attacks. (AC
                  | +3, EV +3) [Jiyva's grace]
 14608 | D:11     | Gained mutation: You are strong-willed. (Will+) [Jiyva's
                  | grace]
 14991 | D:12     | Found Ubusmiux's General Store.
 15339 | D:12     | Identified the +6 scale mail of the Lost Path {Rampage
                  | +Inv}
 15751 | D:13     | Identified 2 scrolls of acquirement
 15751 | D:13     | Acquired the scarf of Uthrenuf {rC+ rF+, rElec rCorr Int+2
                  | Stlth+}
 15758 | D:13     | Acquired the +4 bardiche "Liv Wyruarphe" {protect, Will+
                  | rCorr Dex+4}
 16577 | D:14     | Lost mutation: Your gelatinous body deflects attacks. (AC
                  | +3, EV +3) [Jiyva's grace]
 16577 | D:14     | Gained mutation: You expend magic power (3 MP) to
                  | strengthen your wands. [Jiyva's grace]
 16577 | D:14     | Gained mutation: You have a pair of horns on your head.
                  | [Jiyva's grace]
 16577 | D:14     | Gained mutation: You have a pair of large horns on your
                  | head. [Jiyva's grace]
 16577 | D:14     | Gained mutation: Your gelatinous body deflects attacks. (AC
                  | +3, EV +3) [Jiyva's grace]
 16676 | D:14     | Reached skill level 13 in Polearms
 16711 | D:14     | Found a gate to the Vaults.
 16983 | Lair:1   | Killed Sonja
 17041 | Shoals:1 | Entered Level 1 of the Shoals
 17167 | Shoals:1 | Noticed Donald
 17179 | Shoals:1 | Slimified Donald
 17179 | Shoals:1 | Donald changed into Donald the azure jelly
 17179 | Shoals:1 | Noticed Donald
 17237 | Shoals:1 | Reached skill level 14 in Polearms
 17248 | Shoals:1 | Found the +3 Mad Mage's Maulers {Infuse+∞ VampMP -Cast}
 17372 | Shoals:2 | Noticed a kraken
 17392 | Shoals:2 | Killed a kraken
 17504 | Shoals:2 | Found a transporter.
 17504 | Shoals:2 | Found a transporter.
 17777 | Shoals:3 | Gained mutation: You have hooves in place of feet. [demonic
                  | ancestry]
 17777 | Shoals:3 | Reached XP level 15. HP: 118/121 MP: 7/20
 17809 | Shoals:4 | Entered Level 4 of the Shoals
 17828 | Shoals:4 | Reached skill level 15 in Polearms
 18048 | Shoals:4 | Reached skill level 16 in Polearms
 18241 | Shoals:4 | Noticed a sphinx
 18263 | Shoals:4 | Noticed a sphinx
 18270 | Shoals:4 | Noticed Polyphemus
 18382 | Shoals:4 | Reached skill level 17 in Polearms
 18418 | Shoals:4 | Killed a sphinx
 18484 | Shoals:4 | Killed Polyphemus
 18491 | Shoals:4 | Killed a sphinx
 18559 | Shoals:4 | Got an azure gem with 191 turns to spare
 18563 | Shoals:4 | Got a barnacled rune of Zot
 18582 | Shoals:4 | Identified the +5 falchion of the Spider Nest {flame, rPois
                  | rC+}
 18637 | Shoals:4 | Identified the +1 scale mail of Greed {rPois rC- SInv}
 18641 | Shoals:4 | Got the Volume of Electricity and Imprecation
 18808 | Snake:1  | Entered Level 1 of the Snake Pit
 18882 | Snake:1  | Reached skill level 18 in Polearms
 18882 | Snake:1  | Gained mutation: A meltable icy envelope protects you from
                  | harm. (AC +8) [demonic ancestry]
 18882 | Snake:1  | Reached XP level 16. HP: 99/127 MP: 1/21
 19227 | Snake:1  | Gained mutation: Your melee attacks may engulf your foes in
                  | ooze. [Jiyva's grace]
 19227 | Snake:1  | Gained mutation: You have acidic saliva. [Jiyva's grace]
 19227 | Snake:1  | Gained mutation: You possess an exceptional clarity of
                  | mind. [Jiyva's grace]
 19227 | Snake:1  | Gained mutation: You are somewhat resistant to further
                  | mutation. [Jiyva's grace]
 19258 | Snake:1  | Found Ruodghiysm's Magic Scroll Shop.
 19779 | Snake:2  | Identified the +8 plate armour of the Baku {Str+2 Slay+3
                  | Stlth+}
 19878 | Snake:2  | Reached skill level 19 in Polearms
 20508 | Snake:3  | HP: 3/127 [naga sharpshooter/bolt (17)]
 20936 | Snake:3  | Found Ygicw's Book Emporium.
 21030 | Snake:3  | Reached skill level 20 in Polearms
 21474 | Snake:4  | Entered Level 4 of the Snake Pit
 21474 | Snake:4  | Found Ifewuigy's Armour Shoppe.
 21488 | Snake:4  | Noticed a quicksilver dragon
 21588 | Snake:4  | Gained mutation: A powerful demonic guardian rushes to your
                  | aid. [demonic ancestry]
 21588 | Snake:4  | Reached XP level 17. HP: 128/135 MP: 5/22
 21616 | Snake:3  | Killed a quicksilver dragon
 21678 | Snake:4  | Identified the +1 pair of gloves "Xath" {-Cast Rampage
                  | rF+++ Will-}
 22155 | Snake:4  | Noticed Roxanne
 22324 | Snake:4  | Killed Roxanne
 22497 | Snake:4  | Got a serpentine rune of Zot
 22755 | Orc:1    | Entered Level 1 of the Orcish Mines
 22889 | Orc:2    | Entered Level 2 of the Orcish Mines
 22890 | Orc:2    | Lost mutation: You possess an exceptional clarity of mind.
                  | [Jiyva's grace]
 22890 | Orc:2    | Lost mutation: Your flesh is cold resistant. (rC+) [Jiyva's
                  | grace]
 22890 | Orc:2    | Lost mutation: You are somewhat resistant to further
                  | mutation. [Jiyva's grace]
 22890 | Orc:2    | Lost mutation: You have acidic saliva. [Jiyva's grace]
 22890 | Orc:2    | Lost mutation: Your gelatinous body deflects attacks. (AC
                  | +3, EV +3) [Jiyva's grace]
 22890 | Orc:2    | Lost mutation: Your melee attacks may engulf your foes in
                  | ooze. [Jiyva's grace]
 22890 | Orc:2    | Gained mutation: You are somewhat resistant to further
                  | mutation. [Jiyva's grace]
 22890 | Orc:2    | Gained mutation: You are somewhat resistant to both further
                  | mutation and mutation removal. [Jiyva's grace]
 22890 | Orc:2    | Gained mutation: You are almost entirely resistant to
                  | further mutation and mutation removal. [Jiyva's grace]
 22890 | Orc:2    | Lost mutation: You are almost entirely resistant to further
                  | mutation and mutation removal. [Jiyva's grace]
 22890 | Orc:2    | Lost mutation: You are somewhat resistant to both further
                  | mutation and mutation removal. [Jiyva's grace]
 22890 | Orc:2    | Lost mutation: You are somewhat resistant to further
                  | mutation. [Jiyva's grace]
 22890 | Orc:2    | Gained mutation: You have hidden genetic potential.
                  | [Jiyva's grace]
 22930 | Orc:2    | Found a staircase to the Elven Halls.
 22947 | Orc:2    | Noticed Nessos
 22948 | Orc:2    | Killed Nessos
 22967 | Orc:2    | Noticed Urug
 22987 | Orc:2    | Killed Urug
 23083 | Orc:2    | Found a roughly hewn altar of Beogh.
 23097 | Orc:2    | Found Yphach's General Store.
 23103 | Orc:2    | Found Duikhlo Deso's Antique Weapon Boutique.
 23131 | Orc:2    | Found Nozogeme's Antique Armour Boutique.
 23499 | Orc:2    | Found Seelloni's Jewellery Boutique.
 23883 | D:15     | Entered Level 15 of the Dungeon
 24731 | D:15     | Found a staircase to the Depths.
 24952 | Vaults:1 | Entered Level 1 of the Vaults
 25138 | Vaults:1 | Lost mutation: You have hidden genetic potential. [Jiyva's
                  | grace]
 25138 | Vaults:1 | Lost mutation: You expend magic power (3 MP) to strengthen
                  | your wands. [Jiyva's grace]
 25138 | Vaults:1 | Gained mutation: You possess an exceptional clarity of
                  | mind. [Jiyva's grace]
 25138 | Vaults:1 | Gained mutation: Armour fits poorly on your pseudopods.
                  | [Jiyva's grace]
 25138 | Vaults:1 | Gained mutation: Armour fits poorly on your large
                  | pseudopods. [Jiyva's grace]
 25138 | Vaults:1 | Gained mutation: Armour fits poorly on your massive
                  | pseudopods. [Jiyva's grace]
 25415 | Vaults:1 | Found Weokaym's Weapon Emporium.
 25548 | Vaults:1 | Gained mutation: Your hexes are more powerful. [demonic
                  | ancestry]
 25548 | Vaults:1 | Reached XP level 18. HP: 139/146 MP: 2/23
 25549 | Vaults:1 | Noticed a dread lich
 25571 | Vaults:1 | Killed a dread lich
 26384 | Vaults:2 | Reached skill level 15 in Fighting
 26650 | Vaults:2 | Found a staircase to the Crypt.
 26727 | Vaults:2 | Reached skill level 10 in Armour
 26775 | Vaults:2 | Lost mutation: You have a pair of large horns on your head.
                  | [Jiyva's grace]
 26775 | Vaults:2 | Lost mutation: You have a pair of horns on your head.
                  | [Jiyva's grace]
 26775 | Vaults:2 | Lost mutation: You possess an exceptional clarity of mind.
                  | [Jiyva's grace]
 26775 | Vaults:2 | Lost mutation: You are strong-willed. (Will+) [Jiyva's
                  | grace]
 26775 | Vaults:2 | Lost mutation: Your pliable body absorbs attacks. (AC +2,
                  | EV +2) [Jiyva's grace]
 26775 | Vaults:2 | Lost mutation: Armour fits poorly on your massive
                  | pseudopods. [Jiyva's grace]
 26775 | Vaults:2 | Gained mutation: Your translucent skin slightly reduces
                  | your foes' accuracy. (Stealth+) [Jiyva's grace]
 26775 | Vaults:2 | Gained mutation: Your translucent skin reduces your foes'
                  | accuracy. (Stealth+) [Jiyva's grace]
 26775 | Vaults:2 | Gained mutation: Your transparent skin significantly
                  | reduces your foes' accuracy. (Stealth+) [Jiyva's grace]
 26775 | Vaults:2 | Gained mutation: Your melee attacks may engulf your foes in
                  | ooze. [Jiyva's grace]
 27796 | Vaults:3 | Found Xuczohot's Assorted Antiques.
 27804 | Vaults:3 | Bought a scroll of summoning for 294 gold pieces
 28233 | Vaults:3 | Identified the +1 pair of boots "Jewicw" {Fly rF++ rC+
                  | Dex-3}
 28276 | Vaults:3 | Noticed a Brimstone Fiend
 28676 | Vaults:4 | Reached XP level 19. HP: 90/157 MP: 5/24
 28945 | Vaults:4 | Found a portal to a secret trove of treasure.
 29190 | Vaults:4 | Lost mutation: You have sharp fingernails. [Jiyva's grace]
 29190 | Vaults:4 | Lost mutation: Your spells are a little harder to cast, but
                  | a little more powerful. [Jiyva's grace]
 29190 | Vaults:4 | Lost mutation: Your rubbery body absorbs attacks. (AC +1,
                  | EV +1) [Jiyva's grace]
 29190 | Vaults:4 | Gained mutation: Your flesh is cold resistant. (rC+)
                  | [Jiyva's grace]
 29190 | Vaults:4 | Gained mutation: Your flesh is very cold resistant. (rC++)
                  | [Jiyva's grace]
 29190 | Vaults:4 | Gained mutation: Your flesh is almost immune to the effects
                  | of cold. (rC+++) [Jiyva's grace]
 29190 | Vaults:4 | Gained mutation: Your muscles are strong. (Str +4, Int/Dex
                  | -1) [Jiyva's grace]
 29213 | Vaults:4 | Found Odienwu's General Store.
 29794 | Depths:1 | Entered Level 1 of the Depths
 29987 | Depths:1 | Found a one-way gateway to a ziggurat.
 30008 | Depths:1 | Found a bloodstained altar of Trog.
 30165 | Depths:1 | Found a one-way gate to the infinite horrors of the Abyss.
 30381 | Depths:1 | Found an opulent altar of Gozag.
 30876 | Depths:1 | Found a gateway to Hell.
 31031 | Depths:1 | Found a one-way gate leading to the halls of Pandemonium.
 31196 | Depths:2 | Identified the +4 robe of Duck's Teeth {-Tele rPois rN+
                  | Slay+3}
 31196 | Depths:2 | Noticed Boris
 31263 | Depths:2 | Reached skill level 15 in Dodging
 31354 | Depths:2 | Killed Boris
 31488 | Depths:2 | Found a runed translucent gate.
 31489 | Depths:2 | Found a runed translucent gate.
 31489 | Depths:2 | Noticed DANddo's ghost (adept DrSh)
 31490 | Depths:2 | Found a runed translucent gate.
 31746 | Depths:2 | Noticed a golden dragon
 31758 | Depths:2 | Noticed a golden dragon
 31787 | Depths:2 | Killed a golden dragon
 31788 | Depths:2 | Gained mutation: Your melee attacks may debilitate your
                  | foes. [demonic ancestry]
 31788 | Depths:2 | Reached XP level 20. HP: 167/167 MP: 4/25
 31888 | Depths:2 | Noticed a caustic shrike
 31892 | Depths:2 | Killed a caustic shrike
 31914 | Depths:2 | Killed a golden dragon
 31915 | Depths:2 | Reached skill level 21 in Polearms
 32060 | Depths:2 | Found Ciqaunni's Antique Armour Boutique.
 32086 | Depths:2 | Lost mutation: You have a pair of small horns on your head.
                  | [Jiyva's grace]
 32086 | Depths:2 | Lost mutation: Your flesh is almost immune to the effects
                  | of cold. (rC+++) [Jiyva's grace]
 32086 | Depths:2 | Lost mutation: Your flesh is very cold resistant. (rC++)
                  | [Jiyva's grace]
 32086 | Depths:2 | Lost mutation: Your muscles are strong. (Str +4, Int/Dex
                  | -1) [Jiyva's grace]
 32086 | Depths:2 | Lost mutation: Armour fits poorly on your large pseudopods.
                  | [Jiyva's grace]
 32086 | Depths:2 | Lost mutation: Your transparent skin significantly reduces
                  | your foes' accuracy. (Stealth+) [Jiyva's grace]
 32086 | Depths:2 | Lost mutation: Your translucent skin reduces your foes'
                  | accuracy. (Stealth+) [Jiyva's grace]
 32086 | Depths:2 | Lost mutation: Your melee attacks may engulf your foes in
                  | ooze. [Jiyva's grace]
 32086 | Depths:2 | Gained mutation: Your melee attacks may engulf your foes in
                  | ooze. [Jiyva's grace]
 32086 | Depths:2 | Gained mutation: Your muscles are strong. (Str +4, Int/Dex
                  | -1) [Jiyva's grace]
 32086 | Depths:2 | Gained mutation: Your muscles are very strong. (Str +8,
                  | Int/Dex -2) [Jiyva's grace]
 32086 | Depths:2 | Gained mutation: You have a small jelly attached to you
                  | that may absorb projectiles. [Jiyva's grace]
 32088 | Depths:2 | Found a corrupted altar of Lugonu.
 32440 | Depths:2 | Got Sif Muna's Notes on the Igneous Nimbus
 32490 | Depths:2 | Noticed a juggernaut
 32496 | Depths:2 | Killed a juggernaut
 32523 | Depths:2 | Identified the +0 chain mail of Elyvilon's Inspiration
                  | {rN++ Will+ rCorr Str+2}
 32707 | Depths:2 | Killed DANddo's ghost
 33013 | Depths:3 | Found an iron altar of Okawaru.
 33231 | Depths:3 | Noticed a golden dragon
 33281 | Depths:3 | Killed a golden dragon
 33565 | Depths:3 | Identified the +3 acid dragon scales of a bazaar {rCorr
                  | Str+3 Dex+2 Slay+2}
 33687 | Depths:3 | Found Nyizxyk's General Store.
 33777 | Depths:3 | Identified the +8 dire flail "Qeinog" {flame, rPois rF+
                  | Str+3 Int-2}
 33777 | Depths:3 | Identified the +7 chain mail "Kask" {Harm rElec}
 33797 | Depths:3 | Identified the +2 scale mail of the Demon Prince {Rampage
                  | Regen+ MP+9 Slay-4}
 34240 | Depths:4 | Entered Level 4 of the Depths
 34312 | Depths:3 | Gained mutation: You are surrounded by an aura of silence.
                  | [demonic ancestry]
 34312 | Depths:3 | Reached XP level 21. HP: 159/176 MP: 7/26
 34436 | Depths:4 | Identified the +2 robe of Recklessness {Str+3 Dex+3}
 34436 | Depths:4 | Noticed Boris
 34443 | Depths:4 | Killed Boris
 34533 | Depths:4 | Lost mutation: Your muscles are very strong. (Str +8,
                  | Int/Dex -2) [Jiyva's grace]
 34533 | Depths:4 | Lost mutation: Armour fits poorly on your pseudopods.
                  | [Jiyva's grace]
 34533 | Depths:4 | Gained mutation: You are partially covered in large bone
                  | plates. (SH +4) [Jiyva's grace]
 34533 | Depths:4 | Gained mutation: You are mostly covered in large bone
                  | plates. (SH +6) [Jiyva's grace]
 34533 | Depths:4 | Gained mutation: You are completely covered in large bone
                  | plates. (SH +8) [Jiyva's grace]
 34533 | Depths:4 | Gained mutation: Your body has grown eyes which may confuse
                  | attackers. (Acc +3) [Jiyva's grace]
 34656 | Depths:4 | Found a runed translucent gate.
 34656 | Depths:4 | Found a runed translucent gate.
 34657 | Depths:4 | Found a runed translucent gate.
 34658 | Depths:4 | Noticed Vyimam's ghost (adept TrGl)
 34702 | Depths:4 | Noticed a caustic shrike
 34703 | Depths:4 | Noticed a caustic shrike
 34703 | Depths:4 | Noticed a caustic shrike
 34706 | Depths:4 | Noticed a caustic shrike
 34723 | Depths:4 | Killed a caustic shrike
 34737 | Depths:4 | Killed a caustic shrike
 34739 | Depths:4 | Killed a caustic shrike
 34742 | Depths:4 | Killed a caustic shrike
 34965 | Depths:4 | Found a gate to the Realm of Zot.
 35027 | Depths:4 | Noticed a golden dragon
 35030 | Depths:4 | Killed a golden dragon
 35461 | Depths:4 | Killed Vyimam's ghost
 35481 | Depths:4 | Identified the +0 hat "Higug" {rElec rF- rN+ rCorr}
 35581 | Depths:3 | Bought +2 fire dragon scales for 1152 gold pieces
 37124 | Elf:1    | Entered Level 1 of the Elven Halls
 37280 | Elf:1    | Reached skill level 22 in Polearms
 37501 | Elf:2    | Noticed Norris
 37522 | Elf:2    | Killed Norris
 37532 | Elf:2    | Found a radiant altar of Vehumet.
 37700 | Elf:3    | Entered Level 3 of the Elven Halls
 37857 | Elf:3    | Got the Grimoire of Evil
 38166 | Elf:3    | Identified the maw talisman "Nuraoh" {rF++ rC-}
 38226 | Elf:3    | Identified the +0 leather armour of the Trombone {rC+
                  | Str+6}
 38252 | Elf:3    | Identified the +1 leather armour of Wisdom {rF+ rN+}
 38266 | Elf:3    | Reached XP level 22. HP: 186/186 MP: 1/27
 38305 | Elf:3    | Identified the staff of Devotion {rN+ Str+4 Int-2 SInv
                  | Necro Tloc}
 38362 | Elf:3    | Got Sif Muna's Annotations on the Fairies
 38389 | Elf:3    | Lost mutation: You are completely covered in large bone
                  | plates. (SH +8) [Jiyva's grace]
 38389 | Elf:3    | Lost mutation: Your muscles are strong. (Str +4, Int/Dex
                  | -1) [Jiyva's grace]
 38389 | Elf:3    | Lost mutation: You have a small jelly attached to you that
                  | may absorb projectiles. [Jiyva's grace]
 38389 | Elf:3    | Gained mutation: Your rubbery body absorbs attacks. (AC +1,
                  | EV +1) [Jiyva's grace]
 38389 | Elf:3    | Gained mutation: Your pliable body absorbs attacks. (AC +2,
                  | EV +2) [Jiyva's grace]
 38389 | Elf:3    | Gained mutation: Your gelatinous body deflects attacks. (AC
                  | +3, EV +3) [Jiyva's grace]
 38389 | Elf:3    | Gained mutation: You have a small jelly attached to you
                  | that senses nearby items. [Jiyva's grace]
 38571 | Elf:3    | Got the Reference Book on Frostbound Open Graves
 38574 | Elf:3    | Got the Anthology of Attendants
 38576 | Elf:3    | Got the Volume of Bruises
 38582 | Elf:3    | Got a shimmering gem with 403 turns to spare
 38584 | Elf:3    | Got the Guide on Lightning
 38642 | Elf:3    | Paralysed by an air elemental for 1 turns
 38771 | Elf:3    | Found Loampir's General Store.
 39473 | Vaults:5 | Entered Level 5 of the Vaults
 39508 | Vaults:4 | Reached skill level 15 in Armour
 39737 | Vaults:5 | Found the +10 Black Knight's barding {ponderous, rPois rN+}
 39866 | Vaults:5 | Identified the +4 robe of Prudence {rElec}
 39866 | Vaults:5 | Noticed Boris
 39923 | Vaults:4 | Killed Boris
 39956 | Vaults:5 | Noticed a golden dragon
 39959 | Vaults:5 | Noticed a dread lich
 39984 | Vaults:5 | Killed a dread lich
 39986 | Vaults:5 | Killed a golden dragon
 39996 | Vaults:5 | Noticed a golden dragon
 40015 | Vaults:5 | Identified the +7 quarterstaff of the Coin {venom, rF+
                  | Will++ Dex-4}
 40177 | Vaults:5 | Killed a golden dragon
 40226 | Vaults:5 | Reached XP level 23. HP: 196/196 MP: 4/28
 40245 | Vaults:5 | Identified the +6 war axe "Yhuvus" {venom, rElec Will+}
 40623 | Vaults:5 | Got a silver rune of Zot
 40806 | Crypt:1  | Entered Level 1 of the Crypt
 40857 | Crypt:1  | Reached skill level 23 in Polearms
 40898 | Crypt:1  | Lost mutation: You have a small jelly attached to you that
                  | senses nearby items. [Jiyva's grace]
 40898 | Crypt:1  | Gained mutation: You have a small jelly attached to you
                  | that senses nearby items. [Jiyva's grace]
 40898 | Crypt:1  | Gained mutation: You are robust. (+10% HP) [Jiyva's grace]
 40898 | Crypt:1  | Gained mutation: You are very robust. (+20% HP) [Jiyva's
                  | grace]
 40898 | Crypt:1  | Gained mutation: You are extremely robust. (+30% HP)
                  | [Jiyva's grace]
 41970 | Crypt:3  | Entered Level 3 of the Crypt
 42332 | Crypt:3  | Lost mutation: You are mostly covered in large bone plates.
                  | (SH +6) [Jiyva's grace]
 42332 | Crypt:3  | Lost mutation: You are extremely robust. (+30% HP) [Jiyva's
                  | grace]
 42332 | Crypt:3  | Lost mutation: You have a small jelly attached to you that
                  | senses nearby items. [Jiyva's grace]
 42332 | Crypt:3  | Gained mutation: You are covered in slimy tendrils that may
                  | disarm your opponents. [Jiyva's grace]
 42332 | Crypt:3  | Gained mutation: You possess an exceptional clarity of
                  | mind. [Jiyva's grace]
 42332 | Crypt:3  | Gained mutation: You expend magic power (3 MP) to
                  | strengthen your wands. [Jiyva's grace]
 42332 | Crypt:3  | Gained mutation: You are mostly covered in large bone
                  | plates. (SH +6) [Jiyva's grace]
 42332 | Crypt:3  | Found a staircase to the Tomb.
 42412 | Crypt:3  | Found a basalt altar of Yredelemnul.
 42659 | Crypt:3  | Got an ivory gem with 59 turns to spare
 42674 | Crypt:3  | Identified the staff of Reinforcement {rN+ Str+3 Int+5
                  | Necro}
 43197 | Crypt:3  | Identified the +0 mace of Bright Guile {holy, rPois rCorr}
 43807 | Hell     | Entered the Vestibule of Hell
 43807 | Hell     | Noticed Geryon
 43909 | Hell     | Killed Geryon
 43939 | Hell     | Noticed Murray
 43961 | Hell     | Killed Murray
 44044 | Hell     | Reached XP level 24. HP: 241/244 MP: 4/28
 44109 | Hell     | Found a gateway to the Iron City of Dis.
 44241 | Hell     | Found a gateway to the ashen valley of Gehenna.
 44466 | Hell     | Found a gateway to the decaying netherworld of Tartarus.
 44763 | Hell     | Found a gateway to the freezing wastes of Cocytus.
 44777 | Coc:1    | Entered Level 1 of Cocytus
 44954 | Coc:1    | Lost mutation: You are mostly covered in large bone plates.
                  | (SH +6) [Jiyva's grace]
 44954 | Coc:1    | Lost mutation: Your gelatinous body deflects attacks. (AC
                  | +3, EV +3) [Jiyva's grace]
 44954 | Coc:1    | Gained mutation: Your movements are slightly less
                  | encumbered by armour. (ER -2) [Jiyva's grace]
 44954 | Coc:1    | Gained mutation: Your movements are less encumbered by
                  | armour. (ER -4) [Jiyva's grace]
 44954 | Coc:1    | Gained mutation: Your movements are significantly less
                  | encumbered by armour. (ER -6) [Jiyva's grace]
 44954 | Coc:1    | Gained mutation: You have sharp fingernails. [Jiyva's
                  | grace]
 45197 | Coc:2    | Paralysed by a wendigo for 1 turns
 46145 | Zot:1    | Entered Level 1 of the Realm of Zot
 46264 | Zot:1    | Reached skill level 10 in Evocations
 47584 | Hell     | HP: 9/243 [wendigo (5)]
 47584 | Hell     | Paralysed by a wendigo for 1 turns
 47584 | Hell     | HP: 4/243 [wendigo/stunning burst (5)]
 47825 | Coc:4    | HP: 3/249 [elemental wellspring/torrent of water (19)]
 48284 | Coc:5    | Noticed a shard shrike
 48285 | Coc:5    | Noticed a shard shrike
 48294 | Coc:5    | Killed a shard shrike
 48295 | Coc:5    | Reached skill level 24 in Polearms
 48473 | Coc:5    | Killed a shard shrike
 48586 | Coc:5    | Noticed a shard shrike
 48589 | Coc:5    | Noticed a shard shrike
 48594 | Coc:5    | Killed a shard shrike
 48598 | Coc:5    | Killed a shard shrike
 48599 | Coc:5    | Reached XP level 25. HP: 245/258 MP: 4/28
 48683 | Coc:6    | Noticed a shard shrike
 48705 | Coc:6    | Killed a shard shrike
 48714 | Coc:6    | Noticed a shard shrike
 48725 | Coc:6    | Killed a shard shrike
 48734 | Coc:6    | Noticed a shard shrike
 48740 | Coc:6    | Killed a shard shrike
 48979 | Coc:7    | Entered Level 7 of Cocytus
 48995 | Coc:7    | Noticed a shard shrike
 48996 | Coc:7    | Noticed a shard shrike
 48996 | Coc:7    | Noticed a shard shrike
 49006 | Coc:7    | Killed a shard shrike
 49008 | Coc:7    | Killed a shard shrike
 49009 | Coc:7    | Killed a shard shrike
 49033 | Coc:7    | Noticed the Serpent of Hell
 49042 | Coc:7    | Killed from afar by an elemental wellspring

Illustrated notes

Levels and vault maps discovered:
D:1:      nicolae_arrival_washed_ashore, layout_loops_cross, chequers_big_river,
          chequers_jeans
D:2:      layout_loops_cross, nicolae_ecumenical_oubliette, serial_shops, shop,
          minmay_misc_feat_alley
D:3:      layout_loops_cross, corexii_hall_statues_l, uniq_sigmund,
          uniq_natasha, uniq_ijyb
D:4:      layout_cave_pods, amcnicky_altar_gilded, temple_pool_b,
          pf_guarded_unrand_delatra
D:5:      layout_basic, serial_shops, shop, gammafunk_ghost_abyssal_escape,
          minmay_door_square, lemuel_flamethrower_1, uniq_crazy_yiuf_cottage
D:6:      layout_layer_cave, chequers_serial_rivers_micro_d, moated_statue,
          nicolae_tricolors, uniq_eustachio, uniq_pikel, uniq_edmund,
          uniq_prince_ribbit1
D:7:      layout_basic, hellmonk_overflow_destroyed_library, serial_shops,
          kennysheep_mini_moat
D:8:      layout_basic, mainiacjoe_overflow_small_starburst, serial_shops, shop,
          uniq_psyche, uniq_amaemon, uniq_gastronok
D:9:      layout_loops_ring, gammafunk_temple_overflow_pools,
          minmay_orc_entry_temple_small
D:10:     layout_irregular_city, nicolae_ashenzari_panopticon,
          nicolae_qazlal_style_of_elements, erik_lair_dragon
D:11:     minmay_the_grid_square_5x5_4x4_mashed
          [minmay_the_grid_square_5x5_percent,
          minmay_the_grid_square_5x5_bracketed, minmay_the_grid_square_5x5_n,
          minmay_the_grid_square_5x5_intrusive_squares,
          minmay_the_grid_square_5x5_three_walls,
          minmay_the_grid_square_5x5_prize_waves,
          minmay_the_grid_square_5x5_prize_junk, minmay_the_grid_square_5x5_six,
          minmay_the_grid_square_5x5_inner_z,
          minmay_the_grid_square_5x5_prize_itemx,
          minmay_the_grid_square_5x5_prize_open,
          minmay_the_grid_square_5x5_comb,
          minmay_the_grid_square_5x5_half_checkered,
          minmay_the_grid_square_5x5_c, minmay_the_grid_square_5x5_three,
          minmay_the_grid_square_5x5_two], layout_rooms, gauntlet_entry_generic
D:12:     layout_grid_maze, serial_shops, shop
D:13:     layout_cave_pods
D:14:     layout_loops_ring, grunt_vaults_entry_fortified,
          nicolae_vehumet_radiance
D:15:     grunt_enter_depths_magical_seal, layout_irregular_city,
          bh_walls_and_bars
Lair:1:   gammafunk_lair_enchanted_lake, layout_cave_pods, serial_bayou_shore_a,
          lemuel_fruit_fields, uniq_sonja
Lair:2:   layout_chaotic_city, nicolae_snake_entry_squirm
Lair:3:   layout_cave_pods, minmay_shoals_entry_hut
Lair:4:   layout_loops_ring, chequers_serial_rivers_marsh, worms_lemuel
Lair:5:   minmay_lair_end_frog_pond, layout_misc_corridors,
          dpeg_slime_entry_enclosed, pond
Shoals:1: layout_shoals, regret_index_shoals_crete, uniq_donald, uniq_kirke
Shoals:2: gammafunk_sealed_arena, layout_shoals,
          nicolae_shoals_kraken_intersection
Shoals:3: layout_shoals, nicolae_shoals_this_corrosion
Shoals:4: shoals_end_hellmonk_lost_city, uniq_polyphemus
Snake:1:  layout_gridlike, nicolae_take_the_stairs
Snake:2:  layout_rooms
Snake:3:  layout_honeycomb, serial_shops, shop
Snake:4:  hellmonk_snake_rune_quicksilver_temple, layout_basic, serial_shops,
          shop, nrook_guardian_serpent_double, uniq_roxanne
Slime:1:  layout_caves, special_room [special_room_jelly]
Slime:2:  layout_caves
Slime:3:  layout_caves, cheibrodos_slime_lost_civilization_5
Slime:4:  layout_caves, nicolae_slime_round_cave
Slime:5:  slime_pit_nicolae_royal_road_to_ruin
Orc:1:    layout_caves, serial_shops, shop
Orc:2:    grunt_orc_cross, layout_diamond_mine, guppyfry_library_mini,
          uniq_nessos
Elf:1:    elf_arrival_002, layout_geoelf_diagonals, serial_shops, shop,
          nicolae_elf_theology_debate, uniq_agnes
Elf:2:    elven_hall_of_blades_hangedman_original
          [nicolae_blade_entry_splitting_headache], layout_geoelf_diagonals,
          basic_altar, uniq_azrael, uniq_asterion, uniq_norris
Elf:3:    minmay_elf_hall_quartered_circle, layout_geoelf_castle, serial_shops,
          nicolae_lakefront_shop, minmay_elf_necromancy
Vaults:1: nicolae_vaults_ellipses_ellipsis, nicolae_vaults_closet_pinwheel_1,
          nicolae_vaults_specimen_jars, nicolae_vaults_angled_halls,
          nicolae_vaults_network_s, nicolae_vaults_three_branches,
          nicolae_vaults_quartermaster, nicolae_vaults_taking_the_gang_shopping,
          nicolae_vaults_heart-shaped_vault, layout_vaults_omnicross
Vaults:2: minmay_crypt_entry_vampire_xt, nicolae_vaults_disjoint_gnomons,
          nicolae_vaults_diamond_2, vaults_room_fours,
          nicolae_vaults_halls_meeting, v_misc_22,
          serial_library_hellmonk_big_corner, hangedman_vaults_variations,
          nicolae_vaults_yaktaur_gun_rack, nicolae_vaults_closet_pinwheel_4,
          nicolae_vaults_house_3, layout_vaults_omnibox
Vaults:3: ontoclasm_vaults_idyll, vaults_mumra_chevron_long, v_pattern_4,
          vaults_mumra_hexcomb, nicolae_vaults_trapezoid_1,
          grunt_vaults_hallway_short, nicolae_vaults_network_square,
          nicolae_vaults_rhombus_6, layout_vaults_omnigrid, serial_shops, shop
Vaults:4: grunt_vaults_funnel, vaults_room_large_hall, ontoclasm_vaults_chip,
          nicolae_vaults_octothorpe, serial_library_hellmonk_reading_circle,
          nicolae_vaults_doubleplus_tesselated, nicolae_vaults_double_plus_1,
          ontoclasm_vaults_idyll, nicolae_vaults_apartment_1, v_alt_pattern_6,
          nicolae_vaults_sesquioval_fish, nicolae_vaults_circle_grid_b,
          vaults_mumra_hex, layout_vaults_maze_snakey, serial_shops, shop,
          trove_entry_hex_spiral
Vaults:5
Crypt:1:  layout_chaotic_city
Crypt:2:  layout_catacombs, basic_altar, lemuel_elevator
Crypt:3:  evilmike_haunted_forest
Depths:1: layout_forbidden_donut, enter_ziggurat_d,
          grunt_hell_entry_demonic_statue, abyss_entry,
          grunt_pan_entry_in_and_out,
          nicolae_gozag_cash_rules_everything_around_me, minmay_misc_feat_rows,
          trog_three_pillars_becter
Depths:2: minmay_tearing_corner, layout_cave_shapes, pan_entry,
          hellmonk_ghost_time_enough, minmay_hedge_maze, serial_shops,
          nicolae_shop_real_fake_doors, abyss_entry_flame_altar,
          hangedman_tar_grid_catacomb, uniq_boris
Depths:3: evilmike_iron_armoury, layout_cave_shapes, solitary_fountain,
          serial_shops, nicolae_shop_tiny_glass, grunt_hell_entry_dis_grunt,
          regret_index_abyss_entry_earlier_magic
Depths:4: grunt_twist_and_shout, layout_cave_shapes,
          gammafunk_ghost_tricky_traps, hell_entry,
          serial_sigils_hangedman_writhe, rand_demon_pan_entry_1,
          serial_bayou_shore_b
Hell
Coc:1:    layout_cocytus_delve
Coc:2:    layout_cocytus_delve, serial_ice, serial_ice_c, serial_ice_e,
          serial_ice_h, serial_ice_b
Coc:3:    layout_cocytus_water_paths
Coc:4:    layout_cocytus_water_paths
Coc:5:    layout_cocytus_delve
Coc:6:    layout_cocytus_water_paths
Coc:7:    coc_dpeg
Zot:1:    layout_twisted_circle, regret_index_zotdec_carving_tricks
Zot:2:    layout_gridlike, regret_index_zotdec_wing_it

Skill      XL: |  1  2  3  4  5  6  7  8  9 10 11 12 13 14 15 16 17 18 19 20 21 22 23 24 25 |
---------------+----------------------------------------------------------------------------+-----
Dodging        | 1 2 3 4 6 7 10 11 12 14 15 16 18 20 21 | 21.5
Stealth        | 1 |  1.0
Armour         | 2 3 4 5 6 8 10 12 13 14 15 16 17 | 17.8
Maces & Flails | 1 6 8 |  8.4
Short Blades   | 2 3 4 5 |  5.1
Fighting       | 2 3 4 5 6 7 8 11 12 14 15 16 17 18 19 20 21 | 21.7
Polearms       | 3 6 9 12 14 18 20 21 22 23 24 | 24.0
Evocations     | 5 7 8 11 12 | 12.6
Spellcasting   | 3 |  3.6

Action                     |  1- 3 |  4- 6 |  7- 9 | 10-12 | 13-15 | 16-18 | 19-21 | 22-24 | 25-27 || total
---------------------------+-------+-------+-------+-------+-------+-------+-------+-------+-------++-------
  Melee: Club              |    58 |       |       |       |       |       |       |       |       ||    58
         Dagger            |    87 |    99 |    74 |       |       |       |       |       |       ||   260
         Kick              |       |       |    61 |   191 |    79 |   224 |   370 |   549 |    36 ||  1510
         Spear             |       |       |   154 |   565 |   481 |       |       |       |       ||  1200
         Headbutt          |       |       |     9 |   133 |   200 |   135 |    84 |       |       ||   561
         Demon whip        |       |       |       |       |    30 |     3 |       |       |       ||    33
         Bardiche          |       |       |       |       |   437 |   919 |  1011 |  1395 |   104 ||  3866
         Bite              |       |       |       |       |       |    35 |       |       |       ||    35
         Pseudopods        |       |       |       |       |       |    59 |   163 |       |       ||   222
 Invoke: Slimify           |       |       |     1 |     2 |     2 |     1 |       |     1 |       ||     7
         Oozemancy         |       |       |     1 |       |     4 |     3 |     3 |     3 |       ||    14
  Evoke: Wand              |    10 |     6 |    14 |     2 |     2 |     4 |       |     8 |       ||    46
         Phantom mirror    |       |       |       |       |     1 |     3 |     1 |     3 |       ||     8
         Lightning rod     |       |       |       |       |     1 |       |       |       |       ||     1
         Condenser vane    |       |       |       |       |       |     3 |       |     1 |       ||     4
         Horn of Geryon    |       |       |       |       |       |       |       |     2 |       ||     2
    Use: Scroll            |     8 |       |     8 |     1 |    17 |     4 |    11 |     5 |       ||    54
         Potion            |       |     1 |     3 |       |     5 |     2 |       |     3 |       ||    14
   Stab: Sleeping          |     2 |       |     1 |     4 |     9 |     2 |       |     4 |     1 ||    23
         Distracted        |     1 |       |     2 |     1 |     1 |     9 |     5 |     8 |       ||    27
         Petrified         |       |       |       |       |     6 |       |       |       |       ||     6
         Confused          |       |       |       |       |       |     2 |     2 |    14 |     2 ||    20
 Armour: Leather armour    |    31 |       |       |       |       |       |       |       |       ||    31
         Ring mail         |    49 |    93 |   113 |    36 |       |       |       |       |       ||   291
         Steam dragon scal |       |       |       |   232 |   530 |       |       |       |       ||   762
         Skin              |       |       |       |       |    15 |       |       |       |       ||    15
         Scale mail        |       |       |       |       |     6 |   332 |       |       |       ||   338
         Plate armour      |       |       |       |       |       |   385 |   652 |  1056 |    49 ||  2142
  Dodge: Dodged            |    81 |    43 |    91 |   282 |   937 |   484 |   567 |  1372 |   125 ||  3982
  Block: Other             |    12 |    11 |    32 |   147 |   343 |   263 |   279 |   575 |    55 ||  1717
         Reflection        |       |       |     1 |     7 |    59 |    51 |    26 |    23 |    10 ||   177

Table legend: (Time is in decaauts)
 A = Elapsed time spent in this place.
 B = Non-inter-level travel time spent in this place.
 C = Inter-level travel time spent in this place.
 D = Time resting spent in this place.
 E = Time spent auto-exploring this place.
 F = Levels seen in this place.
 G = Mean time per level.
                   A        B        C        D        E       F      G
               +--------+--------+--------+--------+--------+-----+--------+
         Total |  48575 |  43002 |   5573 |   3025 |  27482 |  60 |  809.6 |
       Dungeon |  13987 |  11723 |   2264 |    433 |   8352 |  15 |  932.5 |
          Lair |   4074 |   3743 |    331 |    331 |   2121 |   5 |  814.8 |
        Shoals |   1798 |   1698 |    100 |    251 |    369 |   4 |  449.5 |
     Snake Pit |   3797 |   3640 |    157 |    230 |   2434 |   4 |  949.2 |
    Slime Pits |   1451 |   1313 |    138 |      0 |   1240 |   5 |  290.2 |
  Orcish Mines |    948 |    861 |     87 |     33 |    635 |   2 |  474.0 |
   Elven Halls |   1972 |   1874 |     98 |     15 |   1204 |   3 |  657.3 |
        Vaults |   6566 |   5772 |    794 |    460 |   3812 |   5 | 1313.2 |
         Crypt |   2644 |   2405 |    239 |     56 |   1390 |   3 |  881.3 |
        Depths |   6441 |   5752 |    689 |    434 |   3749 |   4 | 1610.2 |
          Hell |   1493 |   1452 |     41 |    519 |    546 |   1 | 1493.0 |
       Cocytus |   2203 |   1673 |    530 |    261 |    712 |   7 |  314.7 |
           Zot |   1195 |   1095 |    100 |      0 |    916 |   2 |  597.5 |
               +--------+--------+--------+--------+--------+-----+--------+

Top non-repeatable levels by time:
Depths:3: 1777 daAuts
Depths:2: 1775 daAuts
Depths:1: 1615 daAuts
Vaults:1: 1511 daAuts
    Hell: 1493 daAuts
 Crypt:3: 1419 daAuts
Vaults:4: 1418 daAuts
     D:6: 1408 daAuts
Vaults:2: 1380 daAuts
Vaults:3: 1362 daAuts
   Elf:3: 1357 daAuts
    D:10: 1315 daAuts
Depths:4: 1272 daAuts
    D:15: 1264 daAuts
 Snake:3: 1168 daAuts
